 Dungeon Sprint DCSS version 0.17-a0-1404-gb8113a6 (webtiles) character file.

1288 shklvsk the Thaumaturge (level 8, -5/46 HPs)
             Began as a High Elf Air Elementalist on June 21, 2015.
             Was a Priest of Vehumet.
             Slain by a catoblepas (6 damage)
             ... in the Dungeon (Sprint IX: "|||||||||||||||||||||||||||||").
             The game lasted 00:07:49 (1559 turns).

shklvsk the Thaumaturge (High Elf Air Elementalist) Turns: 1559, Time: 00:07:49

Health: -5/46      AC:  4    Str: 10    XL:     8   Next: 30%
Magic:  23/26      EV:  2    Int: 22    God:    Vehumet [***...]
Gold:   0          SH:  0    Dex: 16    Spells: 3 memorised, 29 levels left

rFire  . . .     SeeInvis .     s - +4 quarterstaff of Chaos {pain, +Blink rElec rPois Int-2}
rCold  . . .     Clarity  .     a - +0 robe
rNeg   + + +     SustAt   .     (no shield)
rPois  ∞         Gourm    .     (no helmet)
rElec  +         Spirit   .     w - +0 cloak
rCorr  .         Warding  .     x - +0 pair of gloves
rMut   .         NoTele   +     (no boots)
MR     .....                    (no amulet)
Stlth  ++........               z - +3 ring of strength
                                y - +3 ring of intelligence

@: petrified, repel missiles, not resistant to hostile enchantments, unstealthy
A: no striking features
a: Renounce Religion, Evoke Blink


You were in the Dungeon.
You worshipped Vehumet.
Vehumet was most pleased with you.
You were not hungry.

You visited 1 branch

Inventory:

Hand weapons
 j - a +0 dagger
 q - a +2 dire flail of crushing
 r - a +2 halberd of protection
 s - the +4 quarterstaff of Chaos (weapon) {pain, +Blink rElec rPois Int-2}
   (You found it in the Dungeon)

   In the hands of one skilled in necromantic magic, it inflicts extra damage on
   living creatures.
   It affects your intelligence (-2).
   It insulates you from electricity.
   It protects you from poison.
   It lets you blink.
 t - a +2 rapier of distortion
 u - the +2 scimitar of Vugiunog {speed, MP+9 SInv}
   (You found it in the Dungeon)

   Attacks with this weapon are significantly faster.
   It affects your magic capacity (+9).
   It lets you see invisible.
 v - a +3 war axe of freezing
 A - a +0 shortbow
Missiles
 k - 4 stones (quivered)
 B - 22 arrows
Armour
 a - a +0 robe (worn)
 w - a +0 cloak (worn)
 x - a +0 pair of gloves (worn)
Magical staves
 p - an uncursed staff of energy
Jewellery
 y - a +3 ring of intelligence (left hand)
 z - a +3 ring of strength (right hand)
Magical devices
 o - a wand of fire (5)
Scrolls
 i - 2 scrolls of blinking
 m - 3 scrolls of remove curse
 n - 2 scrolls of amnesia
Potions
 d - 5 potions of curing
 e - 2 potions of heal wounds
 f - a potion of haste
 g - 4 potions of magic
 h - a potion of berserk rage
 l - a potion of invisibility
Books
 b - a book of Air

   Spells                             Type                      Level
   a - Shock                          Conjuration/Air              1
   b - Swiftness                      Charms/Air                   2
   c - Repel Missiles                 Charms/Air                   2
   d - Static Discharge               Conjuration/Air              3
   e - Lightning Bolt                 Conjuration/Air              5


   Skills:
 + Level 0.2 Staves
 - Level 3.1 Dodging
 - Level 2.5 Stealth
 * Level 13.7 Spellcasting
 * Level 9.5 Conjurations
 + Level 4.7 Charms
 - Level 5.0 Air Magic
 * Level 8.2 Evocations


You had 29 spell levels left.
You knew the following spells:

 Your Spells              Type           Power        Failure   Level  Hunger
a - Shock                 Conj/Air       ####         1%          1    None
b - Repel Missiles        Chrm/Air       #####.       1%          2    None
c - Swiftness             Chrm/Air       #####...     1%          2    None


Dungeon Overview and Level Annotations

Branches:
Dungeon (1/1)

Altars:
Cheibriados
Dithmenos
Elyvilon
Fedhas
Gozag
Kikubaaqudgha
Makhleb
Nemelex Xobeh
Okawaru
Qazlal
Ru
Sif Muna
Trog
Vehumet
Xom
Yredelemnul
Zin
The Shining One
Beogh
Jiyva
Lugonu


Message History

You blink.
You feel slightly more hungry.
There is a deep blue altar of Sif Muna here.
There is a bloodstained altar of Trog here.
There is a sparkling altar of Nemelex Xobeh here.
The catoblepas breathes a plume of calcifying dust at you.
The blast of calcifying dust hits you!
There is a white marble altar of Elyvilon here.
Use which ability? (? or * to list)
You blink.
You feel slightly more hungry.
You are engulfed in calcifying dust.
You are slowing down.
Use which ability? (? or * to list)
You blink.
You feel slightly more hungry.
The catoblepas breathes a plume of calcifying dust at you.
The blast of calcifying dust hits you!
Your limbs are stiffening.
Use which ability? (? or * to list)
You blink.
You feel slightly more hungry.
You have turned to stone.
The catoblepas gores you!!
* * * LOW HITPOINT WARNING * * *
The catoblepas gores you!
You die...

▓_▓
▓_▓
▓_▓
▓_▓
▓_▓
▓_▓
▓_▓
▓Y▓
▓@▓
▓.▓
▓.▓
▓.▓
▓.▓
▓.▓
▓'▓
▓.▓
▓.▓


You could see a catoblepas.

Vanquished Creatures
  A centaur warrior (D)
  A gargoyle (D)
  A black bear (D)
  An eye of draining (D)
  A giant frog (D)
  A killer bee (D)
  A wight (D)
  An orc wizard (D)
  A worker ant (D)
  An adder zombie (D)
  3 bats (D)
  A giant cockroach (D)
  A hobgoblin (D)
  3 kobolds (D)
  A giant gecko (D)
  2 goblins (D)
21 creatures vanquished.

Notes
Turn   | Place    | Note
--------------------------------------------------------------
     0 | D        | shklvsk the High Elf Air Elementalist began the quest for the Orb.
     0 | D        | Reached XP level 1. HP: 11/11 MP: 4/4
     7 | D        | Reached skill level 4 in Air Magic
   312 | D        | Reached skill level 5 in Air Magic
   312 | D        | Reached XP level 2. HP: 17/17 MP: 3/6
   378 | D        | Found a glowing silver altar of Zin.
   378 | D        | Found a glowing golden altar of the Shining One.
   378 | D        | Found an ancient bone altar of Kikubaaqudgha.
   378 | D        | Found a basalt altar of Yredelemnul.
   378 | D        | Found a shimmering altar of Xom.
   378 | D        | Found a radiant altar of Vehumet.
   379 | D        | Found an iron altar of Okawaru.
   380 | D        | Found a burning altar of Makhleb.
   381 | D        | Found a deep blue altar of Sif Muna.
   382 | D        | Found a bloodstained altar of Trog.
   383 | D        | Found a sparkling altar of Nemelex Xobeh.
   384 | D        | Found a white marble altar of Elyvilon.
   385 | D        | Found a roughly hewn altar of Beogh.
   386 | D        | Became a worshipper of Vehumet
   387 | D        | Found a viscous altar of Jiyva.
   388 | D        | Found a corrupted altar of Lugonu.
   389 | D        | Found a blossoming altar of Fedhas.
   390 | D        | Found a snail-covered altar of Cheibriados.
   391 | D        | Found a shadowy altar of Dithmenos.
   392 | D        | Found a stormy altar of Qazlal.
   393 | D        | Found an opulent altar of Gozag.
   394 | D        | Found a sacrificial altar of Ru.
   414 | D        | Got the +4 quarterstaff of Chaos {pain, +Blink rElec rPois Int-2}
   414 | D        | Got the +2 scimitar of Vugiunog {speed, MP+9 SInv}
   441 | D        | Learned a level 2 spell: Repel Missiles
   444 | D        | Learned a level 2 spell: Swiftness
   615 | D        | Noticed a black bear
   615 | D        | Noticed a worker ant
   615 | D        | Noticed an orc wizard
   615 | D        | Noticed a giant frog
   637 | D        | Killed a giant frog
   637 | D        | Acquired Vehumet's first power
   637 | D        | Offered knowledge of Sting by Vehumet.
   637 | D        | Reached skill level 6 in Spellcasting
   637 | D        | Reached skill level 1 in Charms
   637 | D        | Reached XP level 3. HP: 14/21 MP: 1/11
   637 | D        | Reached XP level 4. HP: 18/27 MP: 1/13
   637 | D        | Killed a worker ant
   647 | D        | Killed an orc wizard
   647 | D        | Reached skill level 7 in Spellcasting
   884 | D        | Killed a black bear
   884 | D        | Offered knowledge of Magic Dart by Vehumet.
   884 | D        | Reached skill level 9 in Spellcasting
   884 | D        | Reached skill level 5 in Conjurations
   884 | D        | Reached skill level 5 in Evocations
   884 | D        | Reached XP level 5. HP: 31/31 MP: 6/17
   968 | D        | Noticed a catoblepas
   968 | D        | Noticed a centaur warrior
   968 | D        | Noticed a gargoyle
   968 | D        | Noticed an eye of draining
   968 | D        | Noticed a wight
   968 | D        | Noticed a killer bee
   971 | D        | Killed a wight
  1000 | D        | Killed a killer bee
  1000 | D        | Reached XP level 6. HP: 6/36 MP: 7/19
  1269 | D        | Killed a gargoyle
  1269 | D        | Reached skill level 11 in Spellcasting
  1269 | D        | Reached XP level 7. HP: 41/41 MP: 13/23
  1272 | D        | Killed an eye of draining
  1272 | D        | Offered knowledge of Ignite Poison by Vehumet.
  1272 | D        | Reached skill level 12 in Spellcasting
  1280 | D        | Killed a centaur warrior
  1280 | D        | Acquired Vehumet's second power
  1280 | D        | Reached skill level 13 in Spellcasting
  1280 | D        | Reached XP level 8. HP: 11/46 MP: 1/26
  1558 | D        | HP: 1/46 [catoblepas (16)]
  1559 | D        | Slain by a catoblepas

Vault maps used:
D:        linesprint

Action                   |  1- 3 |  4- 6 |  7- 9 || total
-------------------------+-------+-------+-------++-------
Melee: Unarmed           |     8 |       |       ||     8
       Dagger            |     3 |       |       ||     3
       Quarterstaff      |     1 |     3 |     2 ||     6
 Cast: Shock             |    11 |    19 |     8 ||    38
       Swiftness         |     2 |     2 |       ||     4
       Repel Missiles    |     1 |       |       ||     1
 Abil: Evoke Blink       |       |       |     7 ||     7
Evoke: Wand              |       |       |     2 ||     2
  Use: Potion            |       |       |     1 ||     1
  Eat: Bread ration      |       |       |     1 ||     1
